 Dungeon Crawl Stone Soup version 0.26.1-10-gdfb7c7de75 (webtiles) character file.

Game seed: 7871922405801372255

954 Neyt the Ruffian (level 7, -3/68 HPs)
             Began as a Troll Berserker on Mar 31, 2021.
             Was an Elder of Trog.
             Shot with an arrow by a centaur (9 damage)
             ... on level 6 of the Dungeon on Apr 1, 2021.
             The game lasted 00:51:32 (4378 turns).

Neyt the Ruffian (Troll Berserker)                  Turns: 4378, Time: 00:51:32

Health: -3/68      AC:  6    Str: 27    XL:     7   Next: 90%
Magic:  6/6        EV: 11    Int:  4    God:    Trog [****..]
Gold:   247        SH:  0    Dex:  9    Spells: 6/6 levels left

rFire    . . .     SeeInvis .     - Unarmed
rCold    . . .     Faith    .   (no shield)
rNeg     . . .     Spirit   .   a - +0 animal skin
rPois    .         Reflect  .   (helmet restricted)
rElec    .         Harm     .   (no cloak)
rCorr    .         Rampage  .   (gloves unavailable)
Will     ++...                  (boots unavailable)
Stlth    +.........             F - amulet of inaccuracy (curse)
HPRegen  0.61/turn              l - ring of willpower
MPRegen  0.10/turn              p - ring of willpower

@: no status effects
A: large, unfitting armour, claws 3, regeneration 1, shaggy fur 1, tough skin 3
a: Renounce Religion, Berserk, Trog's Hand, Brothers in Arms


You were on level 6 of the Dungeon.
You worshipped Trog.
Trog was greatly pleased with you.
You visited 2 branches of the dungeon, and saw 7 of its levels.

You collected 247 gold pieces.

Inventory:

Hand Weapons
 c - a +0 great sword
 q - a +0 hand axe
Missiles
 g - 17 poisoned darts
 t - 30 sling bullets
 v - 25 bolts
 w - 5 boomerangs (quivered)
Armour
 a - a +0 animal skin (worn)
 j - a +0 kite shield
Jewellery
 l - a ring of willpower (left claw)
 p - a ring of willpower (right claw)
 y - an uncursed ring of willpower
 C - an uncursed ring of magical power
 F - a cursed amulet of inaccuracy (around neck)
Wands
 s - a wand of disintegration (16)
 G - a wand of random effects (15)
Scrolls
 e - 2 scrolls of fog {unknown}
 k - a scroll of enchant weapon {unknown}
 n - 3 scrolls of remove curse {unknown}
 o - 6 scrolls of teleportation {unknown}
 r - a scroll of blinking {unknown}
 u - a scroll of magic mapping {unknown}
 x - 3 scrolls of identify {unknown}
 z - 2 scrolls of enchant armour {unknown}
 A - a scroll of immolation {unknown}
Potions
 b - a potion of brilliance {unknown}
 d - 2 potions of resistance {unknown}
 f - 3 potions of heal wounds {unknown}
 h - 3 potions of magic {unknown}
 i - 3 potions of curing
 m - a potion of haste {unknown}
 B - a potion of lignification {unknown}
 D - a potion of flight {unknown}
 E - a potion of degeneration {unknown}


   Skills:
 + Level 3.7 Fighting
 - Level 4.7 Throwing
 + Level 4.0 Dodging
 - Level 0.2 Stealth
 - Level 0.1 Shields
 + Level 5.7 Unarmed Combat


You had 6 spell levels left.
You didn't know any spells.
Your spell library was empty.

Dungeon Overview and Level Annotations

Branches:
Dungeon (6/15)             Temple (1/1) D:5

Altars:
Ashenzari
Cheibriados
Elyvilon
Fedhas
Gozag
Hepliaklqana
Makhleb
Nemelex Xobeh
Okawaru
Qazlal
Ru
Sif Muna
Trog
Uskayaw
Vehumet
Wu Jian
Xom
Yredelemnul
Zin


Innate Abilities, Weirdness & Mutations

You are too large for most types of armour.
You have claws for hands.
Your natural rate of healing is unusually fast.
You are covered in fur. (AC +1)
You have extremely tough skin. (AC +3)


Message History

You barely miss the bullfrog. The bullfrog closely misses you.
You miss the bullfrog. Your claw misses the bullfrog. The bullfrog hits you.
You scratch the bullfrog.
The bullfrog is lightly wounded.
The bullfrog closely misses you. The bullfrog hits you.
You miss the bullfrog.
The bullfrog is lightly wounded.
The bullfrog hits you.
The centaur shoots an arrow.
The arrow hits you!
* * * LOW HITPOINT WARNING * * *
The bullfrog misses you.
You see here an arrow.
The centaur shoots an arrow.
The arrow hits you!
* * * LOW HITPOINT WARNING * * *
Things that are here:
an arrow; a scroll labelled VUTREHUGOG The bullfrog hits you.
* * * LOW HITPOINT WARNING * * *
The centaur shoots an arrow.
The arrow hits you!
You die...

##...(..##
##..#
##..)((##
#..#########
#....(##
##..........
#.....(##
#........#.
#...#....#
##..#######.
#..###..(##
#..## #..
#..# ##.c(##
#..# #.# ...
###.F# ##.##
#.# .. ##@#
#.## #.#
##.# #.#
#####.#
#.####
#.....# ##
######. ##


You could see a bullfrog and a centaur.

Vanquished Creatures
  An ogre (D:4)
  2 centaurs
  A bullfrog (D:2)
  4 hounds
  2 orc priests (D:4)
  An iguana (D:5)
  A jelly (D:5)
  2 orc wizards
  A bullfrog skeleton (D:4)
  Natasha (twice) (D:3)
  A worker ant (D:5)
  A killer bee zombie (D:4)
  7 gnolls (D:5)
  5 adders
  A white imp (D:6)
  An ufetubus (D:5)
  An ooze (D:3)
  4 worms
  2 dart slugs
  5 leopard geckos
  8 orcs
  3 ball pythons
  12 bats
  4 giant cockroaches
  7 hobgoblins
  2 jackals (D:1)
  3 kobolds
  6 quokkas
  9 frilled lizards
  4 goblins
  A quokka skeleton (D:4)
  7 rats
  2 butterflies (D:2)
113 creatures vanquished.

Notes
Turn   | Place    | Note
-------+----------+-------------------------------------------
     0 | D:1      | Neyt the Troll Berserker began the quest for the Orb.
     0 | D:1      | Reached XP level 1. HP: 22/22 MP: 0/0
   369 | D:1      | Reached XP level 2. HP: 29/29 MP: 1/1
   856 | D:2      | Noticed a bullfrog
   869 | D:2      | Killed a bullfrog
   870 | D:2      | Reached skill level 1 in Throwing
   870 | D:2      | Reached XP level 3. HP: 22/36 MP: 2/2
   870 | D:2      | Reached XP level 4. HP: 27/44 MP: 3/3
   884 | D:2      | Reached ** piety under Trog
  1340 | D:2      | Found a shimmering altar of Xom.
  1636 | D:3      | Found a broken altar of Ashenzari.
  1655 | D:3      | Reached skill level 4 in Unarmed Combat
  1773 | D:3      | Reached XP level 5. HP: 50/50 MP: 4/4
  2014 | D:3      | Reached *** piety under Trog
  2173 | D:3      | Noticed Natasha
  2179 | D:3      | Killed Natasha
  2450 | D:3      | Noticed Natasha
  2457 | D:3      | Killed Natasha
  2567 | D:4      | Reached XP level 6. HP: 59/59 MP: 5/5
  2816 | D:4      | Found a white marble altar of Elyvilon.
  2954 | D:4      | Found a blossoming altar of Fedhas.
  3363 | D:4      | Reached XP level 7. HP: 45/66 MP: 6/6
  3448 | D:5      | Entered Level 5 of the Dungeon
  3580 | D:5      | Reached skill level 5 in Unarmed Combat
  3729 | D:5      | Found a staircase to the Ecumenical Temple.
  3754 | Temple   | Entered the Ecumenical Temple
  3970 | D:5      | Found an ornate altar of the Wu Jian Council.
  4287 | D:6      | Reached **** piety under Trog
  4378 | D:6      | Shot with an arrow by a centaur

Illustrated notes

Levels and vault maps discovered:
D:1:      minmay_arrival_split_and_join, layout_basic
D:2:      layout_basic, xom_butterflies, minmay_pentomino_w2
D:3:      layout_basic, general_overflow_altar, uniq_natasha
D:4:      layout_basic, elyvilon_altar_4, kennysheep_mini_moat, minmay_vboxes
D:5:      layout_basic, minmay_temple_entry_nine_rooms, basic_altar
D:6:      layout_layer_cave, minitemple, serial_shops, shop, shop, shop, shop,
          serial_bayou_pond_d, uniq_maggie
Temple:   eino_wide_crystal_templ

Skill      XL: |  1  2  3  4  5  6  7 |
---------------+----------------------+-----
Throwing       | 1 2 3 4 |  4.7
Unarmed Combat | 4 5 |  5.7
Dodging        | 3 4 |  4.0
Fighting       | 3 |  3.7
Stealth        | |  0.2
Shields        | |  0.1

Action                   |  1- 3 |  4- 6 |  7- 9 || total
-------------------------+-------+-------+-------++-------
Melee: Unarmed           |    58 |   129 |    38 ||   225
       Punch             |       |     1 |       ||     1
Throw: Dart              |    35 |   135 |       ||   170
       Boomerang         |       |    36 |    33 ||    69
 Stab: Sleeping          |     1 |       |       ||     1
Armor: Animal skin       |    19 |    37 |    10 ||    66
Dodge: Dodged            |    27 |    40 |    19 ||    86
Block: Kite shield       |     6 |     2 |       ||     8
